 Dungeon Crawl Stone Soup version 0.28-a0-1117-g0bdd5ba030 (webtiles) character file.

Game seed: 480386710098821458

0 spiderkeys the Skirmisher (level 1, -18/16 HPs)
             Began as a Djinni Abyssal Knight on Dec 12, 2021.
             Was a Follower of Lugonu.
             Demolished by a tentacled starspawn (21 damage)
             ... on level 2 of the Abyss.
             The game lasted 00:00:22 (130 turns).

spiderkeys the Skirmisher (Djinni Abyssal Knight)    Turns: 130, Time: 00:00:23

Health: -18/16     AC:  3    Str: 11 (12) XL:     1   Next: 0%
Gold:   0          EV: 11    Int:  6 (7)  God:    Lugonu [*.....] SH:  0 Dex: 13

rFire   + + .      SeeInvis .   a - +1 falchion
rCold   x . .      Faith    .   (no shield)
rNeg    . . .      Spirit   .   b - +0 leather armour
rPois   ∞          Reflect  .   (no helmet)
rElec   .          Harm     .   (no cloak)
rCorr   .          Rampage  .   (no gloves)
Will    .....      Rage     3%  (boots unavailable)
Stlth   +......... Rnd*Tele +   (no amulet)
HPRegen 0.00/turn               (no ring)
MPRegen 0.00/turn               (no ring)

@: flying, inhibited regen, unable to read
A: sickness immunity, fire resistance 2, cold vulnerability 1, float, innate
caster, hp casting, extra vitality 1, [berserk 2], [deterioration 2], [dopey 2],
[frail 2], [inhibited regeneration], [teleportitis 2], [inability to read while
threatened]
a: Renounce Religion, Depart the Abyss


You were on level 2 of the Abyss.
You worshipped Lugonu.
Lugonu was aware of your devotion.
You visited 0 branches of the dungeon, and saw 0 of its levels.
You visited the Abyss 1 time.


Innate Abilities, Weirdness & Mutations

You are immune to sickness and miasma.
You are immune to poison.
Your flesh is very heat resistant. (rF++)
You are vulnerable to cold. (rC-)
You float through the air rather than walking.
You learn spells naturally, not from books.
Your magical power is your life essence.
You have superior vitality. (+4 HP)
[You often lose your temper in combat.]
[Your body often deteriorates upon taking damage.]
[You are very dopey. (Int -4)]
[You are very frail. (-20% HP)]
[You do not regenerate when monsters are visible.]
[You are sometimes teleported next to monsters.]
[You sometimes lose the ability to read scrolls when taking damage.]


   Skills:
 + Level 3.0 Fighting
 + Level 1.7 Long Blades
 + Level 1.0 Armour
 + Level 2.1 Dodging
 + Level 1.7 Invocations


You couldn't memorise any spells.
You didn't know any spells.
Your spell library was empty.

Inventory:

Hand Weapons
 a - a +1 falchion (weapon)
Armour
 b - a +0 leather armour (worn)
Jewellery
 F - a ring of fire
   (You found it on level 2 of the Abyss)

Dungeon Overview and Level Annotations

Branches:
Dungeon (0/15)

Altars:

........(........$..
###
.....................
..
...♣.........##.#......
♣♣....###..#. . ..#.
♣......##.─X... .
##...*#..#.*#...####.
.♣♣♣..X..#..#......# .
.......ww....#..##.## #
........X@5.#.#..# #
♣###.####.###....# . ..
#...#.#.#..# . .#.####.
##.#...## .. ♣ # .. .##
## ## .# ♣♣. .. .. ..


You could see 2 tentacled starspawn, a wretched star, 2 starspawn tentacles and
an ufetubus.


Message History

🤖 Initializing magus.rc ... ✅ Successfully initialized magus.rc [v1.9.10] Welcome, spiderkeys the Djinni Abyssal Knight.
It is said that the Orb of Zot exists deep within this dungeon.
Lugonu says: Depart the Abyss and spread corruption, my servant! (use the ability menu to exit the Abyss) Press ? for a list of commands and other information.
Found a corrupted altar of Lugonu.
Found a gateway leading out of the Abyss.
Found a gateway leading deeper into the Abyss.
There is a gateway leading deeper into the Abyss here.
You plunge deeper into the Abyss.
You see here a ring of fire.
Unknown command.
F - a ring of fire The wretched star pulses with an eldritch light!
Your regeneration stops near monsters.
The wretched star pulses with an eldritch light!
You lose the ability to read scrolls when threatened.
You see here 16 gold pieces.
Unknown command.
The wretched star pulses with an eldritch light!
You feel stupid. x2; You feel yourself wasting away.
You feel your body start to fall apart.
A tentacled starspawn comes into view.
The wretched star pulses with an eldritch light!
You feel a little pissed off.
You feel angry.
Tentacles burst from the starspawn's body! 2 starspawn tentacles come into view.
The starspawn tentacle grabs you.
The starspawn tentacle constricts you. 😕 HP[-2]
You take 2 damage, and now have 18/20 hp.
You aren't carrying any scrolls.
You escape the starspawn tentacle's grasp.
An ufetubus and a tentacled starspawn come into view.
The ufetubus shouts!
The ufetubus misses you. The ufetubus closely misses you.
Unknown command.
The tentacled starspawn closely misses you.
The tentacled starspawn tentacle-slaps you!
Your body deteriorates!
You feel weakened. The ufetubus hits you.
* * * LOW HITPOINT WARNING * * *
The ufetubus barely misses you. 😨 HP[-9]
You take 9 damage, and now have 9/20 hp.
MASSIVE DAMAGE!! (PAUSE)
A tentacled starspawn comes into view.
Tentacles burst from the starspawn's body!
The ufetubus closely misses you.
The ufetubus hits you but does no damage. 2 starspawn tentacles come into view.
The ufetubus hits you but does no damage.
The ufetubus barely misses you. The starspawn tentacle grabs you.
The starspawn tentacle constricts you.
You feel threatened and lose the ability to read scrolls!
* * * LOW HITPOINT WARNING * * *
😨 HP[-2]
You take 2 damage, and now have 7/20 hp.
You escape the starspawn tentacle's grasp.
The wretched star pulses with an eldritch light!
You feel frail. x2
Unknown command.
You can read scrolls again.
The starspawn tentacle grabs you. The starspawn tentacle constricts you.
You feel threatened and lose the ability to read scrolls!
* * * LOW HITPOINT WARNING * * *
The wretched star pulses with an eldritch light!
You feel weirdly uncertain.
You feel even more weirdly uncertain. 😨 HP[-2]
You now have 16 max hp (-4).
You escape the starspawn tentacle's grasp.
You can read scrolls again.
A tentacle flies out from the starspawn's body!
The tentacled starspawn misses you.
The tentacled starspawn closely misses you.
The starspawn tentacle grabs you. The starspawn tentacle constricts you.
You feel threatened and lose the ability to read scrolls!
* * * LOW HITPOINT WARNING * * *
Your body deteriorates!
You feel dopey.
A starspawn tentacle comes into view. 😱 HP[-2]
You take 2 damage, and now have 3/16 hp.
The starspawn tentacle's grasp on you weakens, but your attempt to escape fails.
The starspawn tentacle loses its grip on you.
The tentacle pulls you backwards! The ufetubus closely misses you.
The ufetubus hits you but does no damage.
The tentacled starspawn barely misses you.
The tentacled starspawn tentacle-slaps you!!
Ouch! That really hurt!
You die...

Action                   || total
-------------------------++-------
Armor: Leather armour    ||     3
Dodge: Dodged            ||    10

Levels and vault maps discovered:
Abyss:2:  base: Temple, gammafunk_corrupted_shrine

Notes
Turn   | Place    | Note
-------+----------+-------------------------------------------
     0 | Abyss:1  | spiderkeys the Djinni Abyssal Knight began the quest for
                  | the Orb.
     0 | Abyss:1  | Reached XP level 1. HP: 20/20 MP: 0/0
     0 | Abyss:1  | magus.rc [v1.9.10]
    61 | Abyss:1  | Found a corrupted altar of Lugonu.
    96 | Abyss:2  | Noticed a wretched star
   112 | Abyss:2  | Noticed a tentacled starspawn
   119 | Abyss:2  | Noticed a tentacled starspawn
   123 | Abyss:2  | Noticed a tentacled starspawn
   129 | Abyss:2  | HP: 3/16 [constriction[a tentacled starspawn] (2)]
   130 | Abyss:2  | Demolished by a tentacled starspawn

Vanquished Creatures (others)
  3 starspawn tentacles (Abyss:2)
3 creatures vanquished.

Table legend:
 A = Non-vault XP
 B = Vault XP
 C = Vault XP percentage of total XP
 D = Non-vault monster count
 E = Vault monster count
 F = Vault count percentage of total count
                 A         B        C        D         E       F
            +---------+---------+-------+---------+---------+-------
      Total |       0 |       0 |   N/A |       0 |       0 |  -nan
            +---------+---------+-------+---------+---------+-------
            +---------+---------+-------+---------+---------+-------

Illustrated notes

Table legend: (Time is in decaauts)
 A = Elapsed time spent in this place.
 B = Non-inter-level travel time spent in this place.
 C = Inter-level travel time spent in this place.
 D = Time resting spent in this place.
 E = Time spent auto-exploring this place.
 F = Levels seen in this place.
 G = Mean time per level.
                   A        B        C        D        E       F      G
               +--------+--------+--------+--------+--------+-----+--------+
         Total |    129 |    129 |      0 |      0 |     73 |   2 |   64.5 |
         Abyss |    129 |    129 |      0 |      0 |     73 |   2 |   64.5 |
               +--------+--------+--------+--------+--------+-----+--------+

Top non-repeatable levels by time:
 Abyss:1: 80 daAuts
 Abyss:2: 49 daAuts
